 Dungeon Crawl Stone Soup version 0.20.1-1-g8b1a95d (webtiles) character file.

2671 Gargoyl the Cleaver (level 9, -7/79 HPs)
             Began as a Minotaur Abyssal Knight on Aug 21, 2017.
             Was a Priest of Lugonu.
             Killed from afar by Erica (28 damage)
             ... with a wand of lightning (?/15)
             ... on level 8 of the Dungeon.
             The game lasted 00:13:32 (7242 turns).

Gargoyl the Cleaver (Minotaur Abyssal Knight)       Turns: 7242, Time: 00:13:32

Health: -7/79      AC: 21    Str: 15 (17) XL:     9   Next: 37%
Magic:  21/21      EV:  6    Int:  9      God:    Lugonu [***...]
Gold:   327        SH:  0    Dex: 13      Spells: 8/8 levels left

rFire    + . .     SeeInvis .   a - +3 hand axe
rCold    . . .     Gourm    .   (no shield)
rNeg     . . .     Faith    .   f - +4 plate armour {rF+}
rPois    .         Spirit   .   A - +2 hat
rElec    .         Reflect  .   (no cloak)
rCorr    .         Harm     .   s - +0 pair of gloves
MR       .....                  (no boots)
Stlth    ..........             (no amulet)
Regen    0.3/turn               l - ring of magical power
MPRegen  0.2/turn               (no ring)

@: slowed, very slow
A: retaliatory headbutt, horns 2
a: Depart the Abyss, Bend Space, Banish, Renounce Religion


You were on level 8 of the Dungeon.
You worshipped Lugonu.
Lugonu was most pleased with you.
You were not hungry.

You visited 1 branch of the dungeon, and saw 8 of its levels.
You visited the Abyss 1 time.
You also visited: Ossuary.

You collected 327 gold pieces.

Inventory:

Hand Weapons
 a - a +3 hand axe (weapon)
 B - a +0 war axe
Missiles
 p - 7 tomahawks (quivered)
Armour
 f - a +4 plate armour of fire resistance (worn)
 s - a +0 pair of gloves (worn)
 A - a +2 hat (worn)
Jewellery
 j - an uncursed ring of protection from cold
 l - a ring of magical power (left hand)
Wands
 v - a wand of iceblast (6/15)
 y - a wand of disintegration (12/24)
Scrolls
 h - a scroll of magic mapping
 i - 6 scrolls of teleportation
 m - 9 scrolls of remove curse
 q - a scroll of identify
 u - a scroll of fear
 x - 2 scrolls of blinking
 C - a scroll of amnesia
 F - a scroll of enchant armour
Potions
 b - a potion of degeneration
 e - 4 potions of lignification
 k - a potion of might
 n - a potion of invisibility
 r - 2 potions of cancellation {unknown}
 t - 2 potions of flight
 w - a potion of magic {unknown}
 z - 2 potions of curing {unknown}
 D - a potion of haste {unknown}
Comestibles
 c - 2 bread rations
 d - 8 royal jellies
 g - 5 fruits
 o - 3 meat rations


   Skills:
 + Level 7.0 Fighting
 + Level 9.8 Axes
 * Level 8.4 Armour
 + Level 2.3 Dodging
 * Level 5.5 Invocations


You had 8 spell levels left.
You didn't know any spells.

Dungeon Overview and Level Annotations

Branches:
Dungeon (8/15)             Temple (0/1) D:6            Lair (0/6) D:8

Altars:
Ashenzari
Gozag
Makhleb
Trog
Uskayaw
Xom

Annotations:
D:8 Erica


Innate Abilities, Weirdness & Mutations

You reflexively headbutt those who attack you in melee.
You have a pair of horns on your head.


Message History

You hit Erica.
Erica is almost dead.
You closely miss the worker ant.
The worker ant bites you but does no damage.
Erica zaps a wand.
The bolt of lightning hits you!
* * * LOW HITPOINT WARNING * * *
You hit Erica.
Erica is almost dead.
You hit the worker ant.
The worker ant bites you but does no damage.
Erica gestures wildly while chanting.
Erica flickers and vanishes!
Deactivating autopickup; reactivate with Ctrl-A.
The worker ant bites you but does no damage.
You hit something. You hit the worker ant.
The worker ant bites you but does no damage.
You hear a zap.
A bolt of lightning appears from out of thin air!
The bolt of lightning hits you!
You die...

######.....##...#
..##
.....'..........#
.##
######.....###..#
. #..........# ..
###'####.#.##
#.####.#..#
####.........#
+.........##.#
######...###@#
#...# #a{.# #...#
#..## #...# #..#
#...# #..# #...#
#... #...# #..$
##### #....


You could see a worker ant.

Vanquished Creatures
  The ghost of MinusOne the Chiller, a novice GrIE of Vehumet (D:6)
  Joseph (D:7)
  Menkaure (D:7)
  The ghost of mezriss the Vandal, an amateur HaHu (Ossuary)
  Duvessa (D:6)
  An ice beast (D:5)
  A sky beast (D:5)
  2 phantoms
  2 centaurs (D:5)
  Dowan (D:6)
  4 scorpions
  A howler monkey (D:7)
  2 crimson imps
  A jelly (D:5)
  A quasit (D:7)
  A centaur zombie (Ossuary)
  A hound (D:7)
  A human zombie (Ossuary)
  6 orc wizards
  A gnoll shaman (D:7)
  4 worker ants (D:5)
  A big kobold zombie (Ossuary)
  3 mummies (Ossuary)
  A howler monkey skeleton (D:4)
  A howler monkey zombie (D:5)
  14 gnolls
  6 scorpion zombies (Ossuary)
  9 adders
  2 oozes (D:2)
  An adder zombie (D:5)
  An adder skeleton (D:4)
  A worm (D:3)
  3 dart slugs
  A leopard gecko (D:4)
  7 orcs
  A ball python (D:1)
  2 giant cockroaches
  A gnoll zombie (Ossuary)
  2 hobgoblins (D:3)
  7 bats
  5 frilled lizards
  5 goblins
  2 goblin zombies (Ossuary)
  2 hobgoblin zombies (Ossuary)
  A jackal zombie (D:8)
  4 kobolds
  A kobold zombie (Ossuary)
  2 orc zombies (Ossuary)
  7 rats
128 creatures vanquished.

Vanquished Creatures (others)
  A scorpion (Ossuary)
  A centaur zombie (Ossuary)
  An orc zombie (Ossuary)
3 creatures vanquished.

Grand Total: 131 creatures vanquished

Notes
Turn   | Place    | Note
-------+----------+-------------------------------------------
     0 | Abyss:1  | Gargoyl the Minotaur Abyssal Knight began the quest for the Orb.
     0 | Abyss:1  | Reached XP level 1. HP: 19/19 MP: 1/1
   107 | Abyss:3  | Noticed a large abomination
   116 | D:1      | Escaped the Abyss
   385 | D:1      | Reached * piety under Lugonu
   465 | D:1      | Reached XP level 2. HP: 27/27 MP: 2/2
  1229 | D:2      | Reached skill level 3 in Axes
  1229 | D:2      | Reached XP level 3. HP: 33/34 MP: 3/3
  1769 | D:3      | Reached XP level 4. HP: 24/41 MP: 4/4
  1773 | D:3      | Reached ** piety under Lugonu
  1971 | D:3      | Found an opulent altar of Gozag.
  2077 | D:3      | Reached skill level 5 in Fighting
  2086 | D:3      | Reached XP level 5. HP: 27/48 MP: 5/5
  2376 | D:3      | Found a burning altar of Makhleb.
  2376 | D:3      | Found a bloodstained altar of Trog.
  2377 | D:3      | Found a shattered altar of Ashenzari.
  2377 | D:3      | Found a shimmering altar of Xom.
  2469 | D:4      | Noticed a phantom
  2512 | D:4      | Killed a phantom
  2512 | D:4      | Reached skill level 4 in Axes
  2512 | D:4      | Reached XP level 6. HP: 47/56 MP: 7/7
  2630 | D:4      | Found a sand-covered staircase.
  2635 | Ossuary  | Entered an ossuary
  2781 | Ossuary  | Noticed mezriss's ghost (amateur HaHu)
  2831 | Ossuary  | Reached skill level 5 in Axes
  2993 | Ossuary  | Reached skill level 5 in Armour
  3008 | Ossuary  | Killed mezriss's ghost
  3008 | Ossuary  | Reached XP level 7. HP: 58/61 MP: 8/8
  3030 | Ossuary  | Reached skill level 6 in Axes
  3212 | D:4      | Reached *** piety under Lugonu
  3660 | D:5      | Entered Level 5 of the Dungeon
  3824 | D:5      | Reached skill level 7 in Axes
  3906 | D:5      | Noticed a hand axe
  3906 | D:5      | Noticed an enchanted hand axe
  3920 | D:5      | Found a hide-covered altar of Uskayaw.
  3966 | D:5      | Reached XP level 8. HP: 57/70 MP: 10/10
  4085 | D:5      | Reached skill level 8 in Axes
  5023 | D:6      | Noticed Dowan
  5024 | D:6      | Noticed Duvessa
  5039 | D:6      | Killed Duvessa
  5046 | D:6      | Killed Dowan
  5319 | D:6      | Noticed MinusOne's ghost (novice GrIE)
  5356 | D:6      | Killed MinusOne's ghost
  5356 | D:6      | Reached skill level 9 in Axes
  5748 | D:6      | Found a staircase to the Ecumenical Temple.
  6014 | D:7      | Reached XP level 9. HP: 77/78 MP: 11/11
  6044 | D:7      | Reached skill level 5 in Invocations
  6105 | D:7      | Noticed Joseph
  6106 | D:7      | Noticed Menkaure
  6115 | D:7      | Killed Menkaure
  6125 | D:7      | Killed Joseph
  7087 | D:8      | Found a staircase to the Lair.
  7224 | D:8      | Noticed Erica
  7242 | D:8      | Killed from afar by Erica

Skill      XL: |  1  2  3  4  5  6  7  8  9 |
---------------+----------------------------+-----
Fighting       | 4 5 6 7 |  7.0
Axes           | 3 4 5 7 9 |  9.8
Armour         | 3 4 5 7 8 |  8.4
Invocations    | 2 3 4 5 |  5.5
Dodging        | 2 |  2.3

Action                   |  1- 3 |  4- 6 |  7- 9 || total
-------------------------+-------+-------+-------++-------
Melee: Hand axe          |    85 |   180 |   289 ||   554
       Headbutt          |     7 |    33 |    44 ||    84
Invok: Depart the Abyss  |     1 |       |       ||     1
       Banish            |       |       |     1 ||     1
  Use: Scroll            |     7 |     3 |    11 ||    21
       Potion            |     1 |       |     5 ||     6
  Eat: Chunk             |     3 |     2 |     7 ||    12
       Bread ration      |       |     1 |     1 ||     2
Armor: Plate armour      |   106 |   118 |   230 ||   454
       Skin              |       |       |    27 ||    27
Dodge: Dodged            |    35 |    46 |    86 ||   167
